 Dungeon Crawl Stone Soup version 0.28.0-53-g5a82cb258f (webtiles) character file.

Game seed: 5424944790633036624

367 cbfl8 the Chopper (level 6, 0/53 HPs)
             Began as a Hill Orc Fighter on July 17, 2022.
             Was an Initiate of Beogh.
             Slain by an ogre
             ... wielding a +0 giant club
              (2 damage)
             ... on level 5 of the Dungeon.
             The game lasted 00:04:21 (4538 turns).

cbfl8 the Chopper (Hill Orc Fighter)                Turns: 4538, Time: 00:04:21

Health: 0/53       AC:  7    Str: 19    XL:     6   Next: 69%
Magic:  6/6        EV:  9    Int:  8    God:    Beogh [......]
Gold:   169        SH:  5    Dex: 12    Spells: 5/5 levels left

rFire   . . .      SeeInvis .   a - +0 war axe
rCold   . . .      Faith    .   c - +0 buckler
rNeg    . . .      Spirit   .   b - +0 scale mail
rPois   .          Reflect  .   (no helmet)
rElec   .          Harm     .   (no cloak)
rCorr   .          Rampage  .   (no gloves)
Will    .....                   (no boots)
Stlth   ..........              (no amulet)
HPRegen 0.17/turn               (no ring)
MPRegen 0.10/turn               (no ring)

@: no status effects
A: no striking features
a: Renounce Religion


You were on level 5 of the Dungeon.
You worshipped Beogh.
Beogh was noncommittal.
You visited 1 branch of the dungeon, and saw 5 of its levels.

You collected 169 gold pieces.

Inventory:

Hand Weapons
 a - a +0 war axe (weapon)
Armour
 b - a +0 scale mail (worn)
 c - a +0 buckler (worn)
Wands
 j - a wand of acid (13)
 m - a wand of paralysis (5)
Scrolls
 e - 7 scrolls of identify {unknown}
 g - a scroll of fear {unknown}
 h - a scroll of immolation {unknown}
 l - 4 scrolls of teleportation {unknown}
 n - a scroll of vulnerability {unknown}
 o - a scroll of magic mapping {unknown}
 p - 2 scrolls of fog {unknown}
 q - a scroll of brand weapon {unknown}
Potions
 d - a potion of might
 f - 2 potions of ambrosia {unknown}
 i - 2 potions of heal wounds {unknown}
 k - a potion of resistance {unknown}
 r - a potion of cancellation {unknown}
 s - 3 potions of lignification {unknown}
 t - a potion of flight {unknown}
 u - a potion of haste {unknown}


   Skills:
 * Level 4.7 Fighting
 + Level 5.7 Axes
 + Level 4.8 Armour
 + Level 0.4 Dodging
 + Level 4.1 Shields
 * Level 1.8 Evocations


You had 5 spell levels left.
You didn't know any spells.
Your spell library contained the following spells:

 Spells                   Type           Power      Damage    Failure   Level
 Summon Small Mammal      Summ           0%         N/A       85%         1
 Call Canine Familiar     Summ           0%         N/A       99%         3
 Summon Guardian Golem    Hex/Summ       0%         N/A       99%         3


Dungeon Overview and Level Annotations

Branches:
Dungeon (5/15)             Temple (0/1) D:4

Altars:
Cheibriados
Gozag
Nemelex Xobeh
Wu Jian
Xom
The Shining One


Message History

You now have 169 gold pieces (gained 5).
There is an open door here.
There is an open door here.
You see here a black bear skeleton.
You see here a hobgoblin skeleton.
Found a glowing golden altar of the Shining One.
Found an ornate altar of the Wu Jian Council.
Found a sparkling altar of Nemelex Xobeh.
Found a stone staircase leading up.
There is a stone staircase leading up here.
There is a staircase to the Ecumenical Temple here.
You see here 26 stones.
Found 7 sling bullets.
You see here 7 sling bullets.
d - a potion of might Done exploring.
Done exploring.
There is a stone staircase leading down here.
You climb downwards.
There is a stone staircase leading up here.
Found 7 gold pieces.
An ogre comes into view. It is wielding a +0 giant club.
The ogre shouts!
You hit the ogre but do no damage.
The ogre hits you with a +0 giant club!!
You hit the ogre.
The ogre is lightly wounded.
The ogre closely misses you.
You slash the ogre!
The ogre is heavily wounded.
The ogre hits you with a +0 giant club!!
* * * LOW HITPOINT WARNING * * *
You hit the ogre.
The ogre is severely wounded.
The ogre hits you with a +0 giant club.
* * * LOW HITPOINT WARNING * * *
You barely miss the ogre.
The ogre is severely wounded.
The ogre hits you with a +0 giant club.
You die...

### ###
###<###.#
#.##.......#
#........#.#
#.##.#.#.#.# #
...#...#.######
#########......#
#.....O@.....#
#.#####......#
#.........#
#...$...###
######..# ..#
..# ..# .#


You could see an ogre.

Vanquished Creatures
  A sky beast (D:3)
  A black bear (D:4)
  An iguana (D:3)
  2 orc wizards (D:3)
  5 adders
  An adder skeleton (D:4)
  3 dart slugs
  3 orcs
  7 endoplasms
  3 giant cockroaches
  3 goblins
  3 hobgoblins
  A jackal (D:3)
  2 kobolds
  3 quokkas
  4 ball pythons
  8 bats
  A frilled lizard (D:3)
  A quokka skeleton (D:4)
  4 rats (D:3)
  A butterfly (D:4)
58 creatures vanquished.

Vanquished Creatures (others)
  An adder (D:3)
  3 orcs (D:3)
  A fungus (D:1)
5 creatures vanquished.

Grand Total: 63 creatures vanquished

Notes
Turn   | Place    | Note
-------+----------+-------------------------------------------
     0 | D:1      | cbfl8 the Hill Orc Fighter began the quest for the Orb.
     0 | D:1      | Reached XP level 1. HP: 19/19 MP: 1/1
   344 | D:1      | Reached XP level 2. HP: 21/27 MP: 2/2
   408 | D:1      | Found a faded altar of an unknown god.
  1334 | D:2      | Reached XP level 3. HP: 33/33 MP: 3/3
  1953 | D:3      | Reached skill level 3 in Axes
  1958 | D:3      | Reached XP level 4. HP: 18/40 MP: 4/4
  2435 | D:3      | Noticed a sky beast
  2457 | D:3      | Killed a sky beast
  2458 | D:3      | Reached skill level 5 in Axes
  2458 | D:3      | Reached skill level 1 in Evocations
  2458 | D:3      | Reached XP level 5. HP: 23/46 MP: 5/5
  2980 | D:3      | Became a worshipper of Beogh the Brigand
  3002 | D:3      | Found an opulent altar of Gozag.
  3265 | D:3      | Reached XP level 6. HP: 16/52 MP: 6/6
  3893 | D:4      | Found a snail-covered altar of Cheibriados.
  3984 | D:4      | Found a shimmering altar of Xom.
  4010 | D:4      | Noticed a black bear
  4024 | D:4      | Killed a black bear
  4124 | D:4      | Found a staircase to the Ecumenical Temple.
  4409 | D:4      | Found a glowing golden altar of the Shining One.
  4411 | D:4      | Found an ornate altar of the Wu Jian Council.
  4412 | D:4      | Found a sparkling altar of Nemelex Xobeh.
  4519 | D:5      | Entered Level 5 of the Dungeon
  4537 | D:5      | HP: 2/53 [ogre/+0 giant club (6)]
  4538 | D:5      | Slain by an ogre

Illustrated notes

Levels and vault maps discovered:
D:1:      minmay_arrival_widening_spiral_wide, layout_loops_ring,
          chequers_ecumenical_altar_island, minmay_shallow_snake_nest
D:2:      layout_basic
D:3:      layout_loops_ring, nicolae_gozag_seed_capital, st_stairs_12,
          minmay_unequal
D:4:      layout_basic, mainiacjoe_overflow_concentric_impassable,
          cheibriados_altar_1, chequers_temple_overflow_statue_of_worship,
          minmay_temple_entry_butterflies, kennysheep_doodads
D:5:      layout_basic, minmay_misc_feat_square, kennysheep_generic_room_12,
          uniq_edmund

Skill      XL: |  1  2  3  4 |
---------------+-------------+-----
Armour         | 4 |  4.8
Axes           | 3 5 |  5.7
Fighting       | 4 |  4.7
Shields        | 4 |  4.1
Evocations     | 1 |  1.8
Dodging        | |  0.4

Action                   |  1- 3 |  4- 6 || total
-------------------------+-------+-------++-------
Melee: War axe           |    49 |   122 ||   171
Invok: Convert to Beogh  |       |     1 ||     1
  Use: Potion            |       |     1 ||     1
Armor: Scale mail        |    27 |    62 ||    89
Dodge: Dodged            |    24 |    52 ||    76
Block: Buckler           |    11 |    32 ||    43
